 Dungeon Crawl Stone Soup version 0.30-a0-469-g84de5afbc5 (webtiles) character file.

Game seed: 15584799656482289417

350 cforsyth the Cudgeller (level 6, -1/55 HPs)
             Began as an Armataur Gladiator on Dec 19, 2022.
             Succumbed to Crazy Yiuf's poison
             ... on level 4 of the Dungeon.
             The game lasted 00:05:03 (2795 turns).

cforsyth the Cudgeller (Armataur Gladiator)         Turns: 2795, Time: 00:05:03

Health: -1/55      AC:  6    Str: 21    XL:     6   Next: 34%
Magic:  6/6        EV: 10    Int:  8    God:
Gold:   136        SH:  5    Dex: 12    Spells: 5/5 levels left

rFire   . . .      SeeInvis .    a - +0 flail
rCold   . . .      Faith    .    (no shield)
rNeg    . . .      Spirit   .    b - +0 leather armour
rPois   .          Reflect  +    c - +0 helmet
rElec   .          Harm     .    (no cloak)
rCorr   .          Roll     +    (no gloves)
Will    .....                    (no barding)
Stlth   +.........               q - amulet of reflection
HPRegen 0.29/turn                (no ring)
MPRegen 0.10/turn                (no ring)

@: lethally poisoned (-1 -> -24)
A: large, rugged brown scales 3, deformed body, armoured tail, roll, long
tongue, awkward tongue
a: no special abilities


You were on level 4 of the Dungeon.
You visited 1 branch of the dungeon, and saw 4 of its levels.

You collected 136 gold pieces.

Inventory:

Hand Weapons
 a - a +0 flail (weapon)
Missiles
 d - 3 throwing nets (quivered)
 e - a javelin
Armour
 b - a +0 leather armour (worn)
 c - a +0 helmet (worn)
Jewellery
 q - an amulet of reflection (around neck)
Wands
 f - a wand of charming (14)
Scrolls
 h - a scroll of fog
 i - a scroll of fear {unknown}
 j - a scroll of noise {unknown}
 l - 4 scrolls of teleportation {unknown}
 n - 2 scrolls of magic mapping {unknown}
 o - 2 scrolls of immolation
 p - 4 scrolls of amnesia {unknown}
 r - 2 scrolls of silence
 u - a scroll of enchant armour {unknown}
Potions
 g - 3 potions of flight
 k - a potion of invisibility
 m - 2 potions of lignification
 s - 2 potions of ambrosia {unknown}
 t - 2 potions of cancellation
 v - a potion of degeneration {unknown}
 w - a potion of heal wounds {unknown}


   Skills:
 + Level 3.8 Fighting
 + Level 4.3 Maces & Flails
 - Level 1.8 Throwing
 + Level 4.1 Armour
 - Level 2.2 Dodging


You had 5 spell levels left.
You didn't know any spells.
Your spell library was empty.

Dungeon Overview and Level Annotations

Branches:
Dungeon (4/15)
 Temple: D:4-7

Altars:
Cheibriados
Gozag
Kikubaaqudgha
Qazlal
Trog
Vehumet
The Shining One

Annotations:
D:4 Crazy Yiuf


Innate Abilities, Weirdness & Mutations

You are completely covered in rugged brown scales. (AC +3, +7% HP)
Armour fits poorly on your strangely shaped body.
You have a long armoured tail.
You roll when moving toward enemies. (Rampage)
Your long tongue fully drains potion bottles. (2x potion effects)
Your tongue gives you trouble enunciating. (1.5x scroll delay)


Message History

You closely miss Crazy Yiuf.
Crazy Yiuf hits you with a +3 quarterstaff of chaos.
You are poisoned.
You closely miss Crazy Yiuf.
You feel very sick. You block Crazy Yiuf's attack.
You barely miss Crazy Yiuf.
You tail-slap Crazy Yiuf, but do no damage.
You feel sick.
Crazy Yiuf whimpers, "Cod return to song hand!"
You block Crazy Yiuf's attack. Crazy Yiuf barely misses you.
You barely miss Crazy Yiuf.
You feel sick.
Crazy Yiuf hits you with a +3 quarterstaff of chaos!
You are more poisoned.
You hit Crazy Yiuf.
Crazy Yiuf is moderately wounded.
You feel very sick.
Crazy Yiuf whimpers, "Two pizzabubble Orb Guardian!"
Crazy Yiuf hits you with a +3 quarterstaff of chaos!
Crazy Yiuf burns you.
You hit Crazy Yiuf.
Crazy Yiuf is moderately wounded.
You feel very sick. Crazy Yiuf closely misses you.
You barely miss Crazy Yiuf.
Crazy Yiuf is moderately wounded.
You feel sick.
Crazy Yiuf yells, "Snurf!"
You block Crazy Yiuf's attack.
You barely miss Crazy Yiuf.
Crazy Yiuf is moderately wounded.
You feel very sick.
Crazy Yiuf hits you with a +3 quarterstaff of chaos!
* * * LOW HITPOINT WARNING * * *
You are more poisoned.
Crazy Yiuf flaps his cloak.
You block Crazy Yiuf's attack.
You slurp down every last drop of the 3 blue potions!
It was a potion of cancellation.
You feel magically purged.
You die...

###..#...######..# #.#
#..............# #.#
#.#.#########.## #.# ## #.#.####
### #.# #. ###.#.##.# #.# #.
..#......# #.# #. ...##.##.# ###
♣♣####.# #. ......##.# #)..#♣♣
♣♣..#.#.####. ...#####.#
#...g@♣♣♣♣.P.......... .........#
#...#♣..♣..P......<... )#######.#
### ♣♣♣.♣...######### .# #.#
♣♣♣♣♣## # .# #.# ######### .#
#.################........ .#
#..........)..##.#...>.###
.#############.########..........
..........# #.# ##.......##


You could see Crazy Yiuf.

Vanquished Creatures
  A black bear (D:4)
  A hound (D:2)
  Jessica (D:3)
  Terence (D:3)
  An orc wizard (D:3)
  A gnoll (D:1)
  6 adders
  3 worms
  A dart slug (D:1)
  6 orcs
  7 ball pythons
  7 bats
  9 endoplasms
  2 giant cockroaches
  7 goblins
  4 hobgoblins
  5 kobolds
  3 quokkas
  4 frilled lizards
  5 rats
75 creatures vanquished.

Notes
Turn   | Place    | Note
-------+----------+-------------------------------------------
     0 | D:1      | cforsyth the Armataur Gladiator began the quest for the
                  | Orb.
     0 | D:1      | Reached XP level 1. HP: 18/18 MP: 1/1
    60 | D:1      | Reached XP level 2. HP: 25/25 MP: 2/2
   120 | D:1      | Reached skill level 1 in Armour
   339 | D:1      | Reached XP level 3. HP: 22/32 MP: 3/3
   670 | D:2      | Found a snail-covered altar of Cheibriados.
   910 | D:2      | Reached XP level 4. HP: 27/39 MP: 4/4
  1394 | D:3      | Noticed Terence
  1401 | D:3      | Killed Terence
  1402 | D:3      | Reached XP level 5. HP: 31/48 MP: 5/5
  1491 | D:3      | Noticed Jessica
  1494 | D:3      | Killed Jessica
  1514 | D:3      | Found a stormy altar of Qazlal.
  1783 | D:3      | Found a glowing golden altar of the Shining One.
  1814 | D:3      | Found an opulent altar of Gozag.
  1816 | D:3      | Found a bloodstained altar of Trog.
  1819 | D:3      | Found a radiant altar of Vehumet.
  1823 | D:3      | Found an ancient bone altar of Kikubaaqudgha.
  2024 | D:4      | Noticed a black bear
  2036 | D:4      | Killed a black bear
  2037 | D:4      | Reached XP level 6. HP: 40/55 MP: 6/6
  2618 | D:4      | Found a runed translucent door.
  2619 | D:4      | Noticed Crazy Yiuf
  2795 | D:4      | Succumbed to Crazy Yiuf's poison

Illustrated notes

Levels and vault maps discovered:
D:1:      psy_arrival_conway, layout_rooms, corexii_corridor_pit,
          minmay_pentomino_o4
D:2:      layout_basic, basic_altar, serial_glass, glass_columns_a,
          glass_columns_a, glass_columns_a, glass_columns_c, glass_columns_a
D:3:      layout_loops_ring, minitemple, mainiacjoe_overflow_catwalk,
          uniq_terence, uniq_jessica
D:4:      layout_loops_ring, uniq_crazy_yiuf_cottage

Skill      XL: |  1  2  3  4  5 |
---------------+----------------+-----
Fighting       | 2 3 |  3.8
Armour         | 1 2 3 4 |  4.1
Maces & Flails | 3 4 |  4.3
Throwing       | |  1.8
Dodging        | |  2.2

Action                   |  1- 3 |  4- 6 || total
-------------------------+-------+-------++-------
Melee: Flail             |    93 |   120 ||   213
       Tailslap          |    12 |    11 ||    23
       Punch             |     1 |     2 ||     3
  Use: Scroll            |       |     6 ||     6
       Potion            |       |     1 ||     1
 Stab: Sleeping          |       |     1 ||     1
Armor: Leather armour    |    33 |    38 ||    71
Dodge: Dodged            |    56 |    34 ||    90
Block: Other             |     4 |    34 ||    38

Table legend: (Time is in decaauts)
 A = Elapsed time spent in this place.
 B = Non-inter-level travel time spent in this place.
 C = Inter-level travel time spent in this place.
 D = Time resting spent in this place.
 E = Time spent auto-exploring this place.
 F = Levels seen in this place.
 G = Mean time per level.
                   A        B        C        D        E       F      G
               +--------+--------+--------+--------+--------+-----+--------+
         Total |   2845 |   2778 |     67 |    100 |   2136 |   4 |  711.2 |
       Dungeon |   2845 |   2778 |     67 |    100 |   2136 |   4 |  711.2 |
               +--------+--------+--------+--------+--------+-----+--------+

Top non-repeatable levels by time:
     D:3: 882 daAuts
     D:4: 777 daAuts
     D:1: 686 daAuts
     D:2: 499 daAuts
